 Dungeon Crawl Stone Soup version 0.31-a0-1272-g9f703e4c1d (webtiles) character file.

Game seed: 7175101008045318938

150158 Gargoyl the Severer (level 17, 0/115 HPs)
             Began as a Gargoyle Berserker on Dec 16, 2023.
             Was a High Priest of Trog.
             Slain by a swamp worm (22 damage)
             ... on level 2 of the Lair of Beasts on Dec 17, 2023.
             The game lasted 00:42:52 (20285 turns).

Gargoyl the Severer (Gargoyle Berserker)           Turns: 20285, Time: 00:42:52

Health: 0/115      AC: 34    Str: 25    XL:     17   Next: 53%
Magic:  17/17      EV: 12    Int: 11    God:    Trog [*****.]
Gold:   253        SH:  0    Dex: 17    Spells: 16/16 levels left

rFire   + . .        J - +2 scimitar (flame)
rCold   . . .        t - +0 kite shield
rNeg    + . .        m - +1 chain mail
rPois   ∞            K - +3 crown of Dyrovepreva {rElec Int+2 SInv}
rElec   +            (no cloak)
rCorr   .            O - +1 pair of gloves {Str+3}
SInv    +            P - +1 pair of boots {Stlth+}
Will    ++...        w - amulet of regeneration
Stlth   +            z - ring of protection from fire
HPRegen 1.99/turn    y - ring of see invisible
MPRegen 0.15/turn

%: no passive effects
@: confused, ambrosia-drunk, on berserk cooldown, flying, slowed, studying
Ranged Weapons, very slow
A: sickness immunity, AC +12, big wings, negative energy resistance 1,
electricity resistance, torment resistance 1, petrification resistance, claws 1,
horns 1, thin skeletal structure 1, strong-willed 1, regeneration 1
a: Renounce Religion, Berserk, Trog's Hand, Brothers in Arms


You were on level 2 of the Lair of Beasts.
You worshipped Trog.
Trog was extremely pleased with you.
You visited 4 branches of the dungeon, and saw 23 of its levels.
You visited the Abyss 1 time.
You also visited: Bailey.

You collected 2206 gold pieces.
You spent 1953 gold pieces at shops.

Inventory:

Hand Weapons
 b - a +9 war axe of electrocution
 p - a +4 broad axe
 J - a +2 scimitar of flaming (weapon)
Missiles
 c - 51 poisoned darts
 k - 4 curare-tipped darts (quivered)
Armour
 m - a +1 chain mail (worn)
 t - a +0 kite shield (worn)
 K - the +3 crown of Dyrovepreva (worn) {rElec Int+2 SInv}
   (You found it on level 14 of the Dungeon)

   Int+2:     It affects your intelligence (+2).
   rElec:     It insulates you from electricity.
   SInv:      It lets you see invisible.
 O - a +1 pair of gloves of strength (worn)
 P - a +1 pair of boots of stealth (worn)
Jewellery
 w - an amulet of regeneration (around neck)
 y - a ring of see invisible (right hand)
 z - a ring of protection from fire (left hand)
 G - the ring of the Inquisitive Wishes {rN+ MP+9 Dex+2}
   (You took it off an orc high priest on level 1 of the Orcish Mines)

   [ring of positive energy]

   Dex+2:     It affects your dexterity (+2).
   rN+:       It protects you from negative energy.
   MP+9:      It affects your magic capacity (+9).
Wands
 g - a wand of iceblast (9)
 h - a wand of paralysis (22)
 r - a wand of quicksilver (24)
 v - a wand of flame (9)
 C - a wand of mindburst (11)
 H - a wand of polymorph (4)
Scrolls
 a - 8 scrolls of identify
 d - 14 scrolls of teleportation
 l - a scroll of revelation
 o - 2 scrolls of vulnerability
 q - 5 scrolls of blinking
 A - 4 scrolls of poison
 B - 3 scrolls of fog
 D - 3 scrolls of silence
 F - 3 scrolls of fear
Potions
 e - a potion of mutation
 i - 17 potions of curing
 j - 2 potions of cancellation
 n - 4 potions of berserk rage
 s - a potion of haste
 u - 5 potions of might
 x - 3 potions of magic
 E - 2 potions of heal wounds
 L - a potion of attraction


   Skills:
 + Level 15.9 Fighting
 + Level 2.2 Long Blades
 + Level 18.2(18.3) Axes
 + Level 2.9(13.3) Maces & Flails
 + Level 0.5 Throwing
 + Level 13.2 Armour
 + Level 7.0 Dodging
 + Level 3.4 Stealth
 + Level 14.1 Shields


You had 16 spell levels left.
You didn't know any spells.
Your spell library was empty.

Dungeon Overview and Level Annotations

Branches:
Dungeon (15/15)            Temple (0/1) D:7            Lair (5/5) D:8
  Swamp (1/4) Lair:2       Spider (0/4) Lair:2        Slime (0/5) Lair:5
    Orc (2/2) D:10            Elf (0/3) Orc:2        Vaults (0/5) D:14
 Depths (0/4) D:15         Bailey (visited)

Altars:
Dithmenos
Nemelex Xobeh
Sif Muna
Trog
Vehumet
Jiyva
Lugonu

Shops:
D:3 *   D:5 =   D:8 !   D:15 *   Orc:1 *   Orc:2 [[!*[

Portals:
Abyss: D:6 Lair:5

Annotations:
D:4 Natasha
D:6 2 transporters, paps's ghost, novice OpSh


Innate Abilities, Weirdness & Mutations

You are immune to sickness and miasma.
Your stone body is resilient. (AC +12)
You are immune to poison.
Your large and strong wings let you fly.
You resist negative energy. (rN+)
You are resistant to electric shocks. (rElec)
You are resistant to unholy torment.
You are immune to petrification.
You have sharp fingernails.
You have a pair of small horns on your head.
You have a somewhat thin skeletal structure. (Dex +2, Stealth+)
You are strong-willed. (Will+)
Your natural rate of healing is unusually fast.


Message History

You block the alligator's attack. The swamp worm bites you!
* * * LOW HITPOINT WARNING * * *
Your ogre misses the spriggan druid.
The spriggan druid gestures wildly while chanting.
The forest starts to sway and rumble!
The alligator bites you but does no damage.
The alligator closely misses you. The swamp worm closely misses you.
You closely miss the spriggan druid.
The spriggan druid is severely wounded.
Your ogre barely misses the spriggan druid.
The alligator bites you but does no damage.
The alligator tail-slaps you but does no damage.
You block the swamp worm's attack. You block the spriggan druid's attack.
Your ogre closely misses the spriggan druid.
The alligator bites you but does no damage.
The alligator closely misses you. You block the spriggan druid's attack.
The swamp worm bites you but does no damage.
You slice the spriggan druid!! You burn the spriggan druid!
With its final breath, the spriggan druid offers up its power to the beasts of the wild!
The swamp worm is healed.
The swamp worm seems to grow more fierce.
The alligator seems to grow more fierce.
You kill the spriggan druid!
Trog accepts your kill.
Trog appreciates your killing of a magic user.
The forest abruptly stops moving.
The alligator barely misses you.
The alligator tail-slaps you but does no damage.
The swamp worm barely misses you. You block the alligator's attack.
The alligator tail-slaps you but does no damage.
The swamp worm bites you!!
* * * LOW HITPOINT WARNING * * *
Your ogre closely misses the alligator.
The alligator barely misses you. x2
You block the swamp worm's attack.
You are confused.
You feel invigorated.
Your ogre hits the alligator with a +0 giant spiked club!
The alligator bites you.
* * * LOW HITPOINT WARNING * * *
The alligator drags you backwards! The swamp worm bites you!!
You die...

#...##.#....#.# .......##....##
#......##.....##
......###.P....## .....##
#.....♣.♣ ....## #.....♣♣♣♣#
.....####.♣♣♣♣~~♣.♣#
.......#.♣♣♣~P~l♣♣.#####
........♣♣♣~P~~♣@O..#..#
.......♣♣♣~~~l~♣w.)...##
.......♣♣♣§i§~♣♣.......#
.......♣♣w§§~♣♣♣......##
.......♣♣>§♣♣♣♣.......##
.......♣♣♣♣♣ ##.......# ###
.......♣♣♣♣♣♣ ###....### ####.##
.........#..♣# ##...#.###P###..
..>..........##♣♣♣##.............


You could see an alligator (strong, ally target), a swamp worm (strong) and a
friendly ogre (summoned, berserk).

Vanquished Creatures
  A lich (Abyss:2)
  2 tentacled starspawn (Abyss:2)
  Kirke (Lair:4)
  A tengu reaver (D:11)
  The ghost of dertzug the Bludgeoner, a journeyman MiMo of Okawaru (D:14)
  A very ugly thing (D:12)
  The ghost of Pimuatov the Destroyer, a journeyman HuCj of Hepliaklqana (Orc:1)
  A quicksilver dragon zombie (D:15)
  The ghost of Ysulesaher the Nimble, a journeyman TrGl of Cheibriados (Lair:1)
  Josephine (D:15)
  2 spriggan zombies
  10 hydras
  The ghost of YoungGLord the Eclecticist, a journeyman GrEE of Vehumet (D:11)
  3 ogre magi
  An ice dragon (D:15)
  A great orb of eyes (D:12)
  An alligator (Lair:2)
  3 catoblepae
  5 vault guards
  2 centaur warriors
  2 boulder beetles
  A death knight (D:15)
  10 two-headed ogres
  A tengu warrior (D:14)
  8 occultists (D:13)
  A vampire mage (D:15)
  An orc high priest (Orc:1)
  The ghost of Iloi the Thaumaturge, a journeyman DECj of Hepliaklqana (Lair:2)
  3 thrashing horrors (Lair:5)
  Sonja (D:10)
  A storm dragon zombie (D:15)
  A fire crab (Lair:4)
  Nergalle (Lair:2)
  8 skeletal warriors
  A spriggan druid (Lair:2)
  A swamp dragon (Swamp:1)
  A deep troll (Orc:2)
  6 large abominations
  A lindwurm (Lair:5)
  4 arcanists
  A phantasmal warrior (D:15)
  Pikel (D:4)
  6 deep elf pyromancers
  2 necromancers
  7 orc knights
  2 deep elf zephyrmancers (D:13)
  5 cyclopes
  8 ugly things
  2 orc sorcerers
  A worldbinder (Abyss:2)
  6 elephants (Lair:5)
  6 manticores
  5 black mambas
  4 kobold blastminers (Orc:1)
  A guardian serpent (D:15)
  2 smoke demons (Lair:5)
  A cane toad (shapeshifter) (D:14)
  18 cane toads
  A rime drake (Lair:4)
  A kobold demonologist (D:13)
  9 komodo dragons
  A yaktaur (D:12)
  2 freezing wraiths (D:15)
  A tormentor (Abyss:2)
  An efreet (Abyss:2)
  3 tengu conjurers
  An ancient zyme (Abyss:2)
  2 hornets
  7 trolls
  3 polar bears
  23 blink frogs
  5 raiju
  Prince Ribbit (Bailey)
  2 harpy skeletons (Abyss:2)
  9 dream sheep
  2 spriggans (Lair:5)
  2 centaur simulacra
  4 vampires
  5 ynoxinuls
  3 culicivoras (Lair:2)
  14 slime creatures
  8 wraiths
  3 wyverns
  A warg (Orc:2)
  99 yaks
  Grum (D:8)
  4 hogs (Lair:4)
  5 humans (Bailey)
  A redback (Lair:2)
  12 vampire mosquitoes
  8 basilisks
  2 chaos spawn
  A deep troll zombie (Abyss:2)
  13 small abominations
  A swamp worm (Swamp:1)
  21 water moccasins
  A swamp drake (Lair:2)
  3 ice beasts
  A naga skeleton (Abyss:2)
  33 orc warriors
  2 sky beasts
  A sky beast (shapeshifter) (Lair:5)
  4 black bears
  16 wolves
  12 centaurs
  24 ogres
  3 kobold brigands
  26 bullfrogs
  A scorpion (D:3)
  5 wights (D:6)
  17 killer bees
  An electric eel (Lair:2)
  5 howler monkeys
  4 hounds
  20 orc priests
  2 quasits (Abyss:2)
  7 jellies
  2 sleepcaps
  21 orc wizards
  2 iguanas
  Ijyb (D:4)
  Natasha (twice) (D:4)
  3 gnolls (D:5)
  11 adders
  6 white imps
  2 ufetubi (D:5)
  3 worms (D:3)
  3 dart slugs
  83 orcs
  8 ball pythons
  7 endoplasms
  5 giant cockroaches
  9 goblins
  9 hobgoblins
  5 quokkas
  7 bats
  4 frilled lizards
  14 kobolds
  12 rats
  2 starspawn tentacles (Abyss:2)
863 creatures vanquished.

Vanquished Creatures (collateral kills)
  A lich (D:11)
  A stone giant (D:11)
  A vault guard (D:14)
  3 tengu warriors (D:14)
  5 two-headed ogres (Orc:2)
  A deep troll (Orc:2)
  A moth of wrath (D:14)
  An ancient zyme (Abyss:2)
  5 trolls (Orc:2)
  A polar bear (Lair:1)
  A neqoxec (Abyss:2)
  3 black bears (Lair:1)
  6 ogres (Orc:2)
30 creatures vanquished.

Vanquished Creatures (others)
  An occultist (D:13)
  An orc warrior (D:14)
  6 starspawn tentacles (Abyss:2)
8 creatures vanquished.

Grand Total: 901 creatures vanquished

Notes
Turn   | Place    | Note
-------+----------+-------------------------------------------
     0 | D:1      | Gargoyl the Gargoyle Berserker began the quest for the Orb.
     0 | D:1      | Reached XP level 1. HP: 14/14 MP: 1/1
    64 | D:1      | Found a faded altar of an unknown god.
   127 | D:1      | Reached skill level 3 in Axes
   127 | D:1      | Reached XP level 2. HP: 18/19 MP: 2/2
   764 | D:2      | Gained mutation: You are weak. (Str -2) [potion of
                  | mutation]
   764 | D:2      | Gained mutation: You occasionally shout uncontrollably at
                  | your foes. [potion of mutation]
   764 | D:2      | Gained mutation: You occasionally lose the ability to drink
                  | potions when taking damage. [potion of mutation]
   765 | D:2      | Lost mutation: You occasionally lose the ability to drink
                  | potions when taking damage. [potion of mutation]
   765 | D:2      | Lost mutation: You are weak. (Str -2) [potion of mutation]
   765 | D:2      | Gained mutation: You occasionally lose the ability to read
                  | scrolls when taking damage. [potion of mutation]
   765 | D:2      | Gained mutation: Your natural rate of healing is unusually
                  | fast. [potion of mutation]
   779 | D:2      | Reached XP level 3. HP: 19/23 MP: 3/3
  1142 | D:2      | Reached ** piety under Trog
  1143 | D:2      | Reached XP level 4. HP: 28/29 MP: 4/4
  1286 | D:3      | Reached skill level 1 in Stealth
  1343 | D:3      | Reached skill level 4 in Axes
  1516 | D:3      | Reached XP level 5. HP: 32/33 MP: 5/5
  1827 | D:3      | Reached XP level 6. HP: 38/38 MP: 6/6
  2007 | D:3      | Reached *** piety under Trog
  2053 | D:3      | Found Moessor's Assorted Antiques.
  2057 | D:3      | Bought a scroll of teleportation for 75 gold pieces
  2243 | D:3      | Upgraded the game from 0.31-a0-1242-g57893ffec4 to
                  | 0.31-a0-1272-g9f703e4c1d
  2290 | D:4      | Noticed Pikel
  2303 | D:4      | Killed Pikel
  2304 | D:4      | Reached skill level 5 in Fighting
  2304 | D:4      | Reached skill level 6 in Axes
  2304 | D:4      | Reached XP level 7. HP: 44/44 MP: 7/7
  2439 | D:4      | Noticed Natasha
  2457 | D:4      | Killed Natasha
  2458 | D:4      | Reached XP level 8. HP: 31/50 MP: 8/8
  2500 | D:4      | Noticed Ijyb
  2508 | D:4      | Killed Ijyb
  2546 | D:4      | Identified the +6 mace "Fomoack" {flame, rF+ Stlth+}
  2601 | D:4      | Noticed Natasha
  2625 | D:4      | Killed Natasha
  3056 | D:5      | Entered Level 5 of the Dungeon
  3166 | D:5      | Found Gatu's Jewellery Shoppe.
  3195 | D:5      | Reached skill level 7 in Axes
  3430 | D:5      | Reached skill level 1 in Shields
  3678 | D:5      | You fall into a shaft and drop 2 floors!
  3678 | D:7      | Found a radiant altar of Vehumet.
  3791 | D:6      | Reached XP level 9. HP: 56/56 MP: 9/9
  3829 | D:6      | Found a transporter.
  3842 | D:6      | Noticed a purple ugly thing
  3845 | D:6      | Noticed paps's ghost (novice OpSh)
  3851 | D:6      | Noticed a toenail golem
  3916 | D:6      | Found a transporter.
  3920 | D:6      | Found a one-way gate to the infinite horrors of the Abyss.
  4080 | D:6      | Reached skill level 8 in Axes
  4130 | D:6      | Reached skill level 5 in Armour
  4682 | D:7      | Reached skill level 9 in Axes
  4726 | D:7      | Reached XP level 10. HP: 60/63 MP: 10/10
  4911 | D:7      | Found a staircase to the Ecumenical Temple.
  5010 | D:8      | Noticed Grum
  5028 | D:8      | Killed Grum
  5083 | D:8      | Found Evoluipy's Distillery.
  5126 | D:8      | Bought a potion of curing for 45 gold pieces
  5126 | D:8      | Bought a potion of curing for 45 gold pieces
  5126 | D:8      | Bought a potion of curing for 45 gold pieces
  5178 | D:8      | Found a flagged portal.
  5262 | Bailey   | Entered a bailey
  5307 | Bailey   | Reached **** piety under Trog
  5347 | Bailey   | Noticed Prince Ribbit
  5347 | Bailey   | Noticed a vault guard
  5371 | Bailey   | Killed Prince Ribbit
  5372 | Bailey   | Killed a vault guard
  5373 | Bailey   | Reached skill level 10 in Axes
  5422 | Bailey   | Noticed a vault guard
  5435 | Bailey   | Killed a vault guard
  5498 | Bailey   | Reached XP level 11. HP: 69/69 MP: 11/11
  5591 | D:8      | Found a staircase to the Lair.
  5638 | D:8      | Noticed a two-headed ogre
  5654 | D:8      | Killed a two-headed ogre
  5655 | D:8      | Reached skill level 11 in Axes
  5726 | D:8      | Reached skill level 5 in Shields
  6170 | D:9      | Found a shimmering blue altar of Sif Muna.
  6511 | D:9      | Found Gypsuvor's Book Shop.
  6830 | Lair:1   | Entered Level 1 of the Lair of Beasts
  6838 | Lair:1   | Reached skill level 12 in Axes
  6891 | Lair:1   | Found a runed translucent door.
  6891 | Lair:1   | Noticed Ysulesaher's ghost (journeyman TrGl)
  6965 | Lair:1   | Noticed a seven-headed hydra
  7038 | Lair:1   | Killed a seven-headed hydra
  7039 | Lair:1   | Reached XP level 12. HP: 76/76 MP: 12/12
  7391 | Lair:1   | Killed Ysulesaher's ghost
  7531 | Lair:1   | Reached skill level 10 in Fighting
  7897 | Lair:2   | Noticed a seven-headed hydra
  7909 | Lair:1   | Killed a seven-headed hydra
  7910 | Lair:1   | Reached skill level 1 in Maces & Flails
  7910 | Lair:1   | Reached skill level 5 in Dodging
  8035 | Lair:2   | Noticed Nergalle
  8046 | Lair:2   | Killed Nergalle
  8077 | Lair:2   | Found a hole to the Spider Nest.
  8098 | Lair:2   | Reached skill level 13 in Axes
  8135 | Lair:2   | Reached skill level 10 in Armour
  8341 | Lair:2   | Found a runed translucent gate.
  8341 | Lair:2   | Found a runed translucent gate.
  8359 | Lair:2   | Found a runed translucent gate.
  8359 | Lair:2   | Noticed a 12-headed hydra
  8359 | Lair:2   | Noticed Iloi's ghost (journeyman DECj)
  8359 | Lair:2   | Noticed an 11-headed hydra
  8378 | Lair:2   | Noticed an alligator
  8393 | Lair:2   | Killed an alligator
  8449 | Lair:2   | Found a staircase to the Swamp.
  8603 | Lair:2   | You fall into a shaft and drop 1 floor!
  8613 | Lair:3   | Reached XP level 13. HP: 83/83 MP: 13/13
  8735 | Lair:3   | Reached skill level 14 in Axes
  9312 | Lair:4   | Noticed Kirke
  9314 | Lair:4   | Noticed a sphinx
  9383 | Lair:4   | Killed Kirke
  9530 | Lair:4   | Identified the +1 leather armour of Mizilaw {rElec rPois}
 10196 | Lair:5   | Entered Level 5 of the Lair of Beasts
 10219 | Lair:5   | Reached skill level 15 in Axes
 10241 | Lair:5   | Gained mutation: Your large and strong wings let you fly.
                  | [Gargoyle growth]
 10241 | Lair:5   | Reached XP level 14. HP: 81/90 MP: 14/14
 10456 | Lair:5   | Found a staircase to the Slime Pits.
 10458 | Lair:5   | Found a viscous altar of Jiyva.
 10809 | Lair:5   | Reached ***** piety under Trog
 11093 | Abyss:2  | Cast into level 2 of the Abyss (spriggan)
 11112 | Abyss:2  | Noticed a lich
 11112 | Abyss:2  | Noticed a tentacled starspawn
 11130 | Abyss:2  | Killed a tentacled starspawn
 11134 | Abyss:2  | Noticed a tentacled starspawn
 11141 | Abyss:2  | Killed a tentacled starspawn
 11142 | Abyss:2  | Reached skill level 16 in Axes
 11150 | Abyss:2  | Killed a lich
 11153 | Abyss:2  | Noticed a tentacled starspawn
 11162 | Abyss:2  | Noticed an ironbound thunderhulk
 11162 | Abyss:2  | Noticed an ironbound thunderhulk
 11162 | Abyss:2  | Noticed a brown very ugly thing
 11398 | Abyss:2  | Noticed a deep elf elementalist
 11587 | Abyss:2  | Reached XP level 15. HP: 59/97 MP: 15/15
 11588 | Lair:5   | Escaped the Abyss
 11607 | Lair:5   | Reached skill level 10 in Shields
 11645 | Lair:5   | Found the +7 great mace "Firestarter" {flame, immolate,
                  | rFlCloud rF++}
 11646 | Lair:5   | Found a corrupted altar of Lugonu.
 12402 | D:10     | Entered Level 10 of the Dungeon
 12702 | D:10     | Noticed Sonja
 12713 | D:10     | Killed Sonja
 12782 | D:10     | Found a sparkling altar of Nemelex Xobeh.
 12898 | D:10     | Found a staircase to the Orcish Mines.
 13152 | D:11     | Noticed a tengu reaver
 13174 | D:11     | Noticed YoungGLord's ghost (journeyman GrEE)
 13255 | D:11     | Found a runed translucent door.
 13746 | D:11     | Found a runed translucent door.
 13748 | D:11     | Noticed a lich
 14087 | D:11     | Killed a tengu reaver
 14101 | D:11     | Killed YoungGLord's ghost
 14108 | D:11     | Killed a lich
 14109 | D:11     | Reached skill level 17 in Axes
 14815 | D:12     | Identified the -1 pair of gloves of Cynicism {Rampage rCorr
                  | Str-3 Dex+5}
 15405 | D:13     | Identified the +9 morningstar of Haqal {heavy, rN+} (Trog
                  | gifted it to you on level 13 of the Dungeon)
 15405 | D:13     | Received a gift from Trog
 15411 | D:13     | Reached XP level 16. HP: 101/106 MP: 16/16
 15618 | D:13     | Paralysed by an orc sorcerer for 2 turns
 15634 | D:13     | Identified the +1 dagger of Lies {flame, rElec MP+9 Int-5
                  | Dex+3}
 16412 | D:14     | Noticed dertzug's ghost (journeyman MiMo)
 16415 | D:14     | Found a bloodstained altar of Trog.
 16415 | D:14     | Found the +3 crown of Dyrovepreva {rElec Int+2 SInv}
 16440 | D:14     | Found a transporter.
 16443 | D:14     | Found a transporter.
 16470 | D:14     | Killed dertzug's ghost
 16838 | D:14     | Found a gate to the Vaults.
 17031 | D:15     | Entered Level 15 of the Dungeon
 17101 | D:15     | Found Wisek's Assorted Antiques.
 17120 | D:15     | Reached skill level 1 in Long Blades
 17138 | D:15     | Bought a scroll of teleportation for 90 gold pieces
 17138 | D:15     | Bought a scroll of enchant weapon for 225 gold pieces
 17172 | D:15     | Reached skill level 15 in Fighting
 17287 | D:15     | Noticed Josephine
 17296 | D:15     | Killed Josephine
 17525 | D:15     | Found a staircase to the Depths.
 17652 | D:15     | Lost mutation: You occasionally lose the ability to read
                  | scrolls when taking damage. [potion of mutation]
 17652 | D:15     | Lost mutation: You occasionally shout uncontrollably at
                  | your foes. [potion of mutation]
 17652 | D:15     | Gained mutation: You have a somewhat thin skeletal
                  | structure. (Dex +2, Stealth+) [potion of mutation]
 17652 | D:15     | Gained mutation: You have a pair of small horns on your
                  | head. [potion of mutation]
 17652 | D:15     | Gained mutation: You are strong-willed. (Will+) [potion of
                  | mutation]
 17652 | D:15     | Gained mutation: You have sharp fingernails. [potion of
                  | mutation]
 17832 | D:15     | Found a shadowy altar of Dithmenos.
 18114 | Orc:1    | Entered Level 1 of the Orcish Mines
 18114 | Orc:1    | Found a transporter.
 18128 | Orc:1    | Reached XP level 17. HP: 113/113 MP: 17/17
 18229 | Orc:1    | Found Nethroac's Assorted Antiques.
 18254 | Orc:1    | Bought a scroll of enchant weapon for 262 gold pieces
 18346 | Orc:1    | Found a transporter.
 18346 | Orc:1    | Identified the ring of the Inquisitive Wishes {rN+ MP+9
                  | Dex+2}
 18348 | Orc:1    | Noticed Pimuatov's ghost (journeyman HuCj)
 18610 | Orc:1    | Killed Pimuatov's ghost
 18611 | Orc:1    | Reached skill level 18 in Axes
 18859 | D:4      | Noticed Natasha
 19037 | Orc:2    | Entered Level 2 of the Orcish Mines
 19243 | Orc:2    | Found a staircase to the Elven Halls.
 19363 | Orc:2    | Found Anitokhlomo's General Store.
 19406 | Orc:2    | Found Mauretzi's Armour Boutique.
 19406 | Orc:2    | Found Resseara's Antique Armour Emporium.
 19413 | Orc:2    | Found Zakilivio's Distillery.
 19441 | Orc:2    | Bought a scroll of teleportation for 45 gold pieces
 19452 | Orc:2    | Bought a pair of embroidered gloves for 187 gold pieces
 19468 | Orc:2    | Bought 2 potions of heal wounds for 160 gold pieces
 19488 | Orc:2    | Found Turph's Antique Armour Shoppe.
 19496 | Orc:2    | Bought a pair of embroidered boots for 270 gold pieces
 19496 | Orc:2    | Bought a spiked orb for 504 gold pieces
 19496 | Orc:2    | Identified the orb "Uconerph" {*channel, rPois rF- Dex-2
                  | Slay+4} (You bought it in a shop on level 2 of the Orcish
                  | Mines)
 20196 | Lair:2   | Killed Iloi's ghost
 20215 | Lair:2   | Identified the +0 leather armour of Dust Devil {rElec rC-
                  | Str+8 Int+3}
 20245 | Swamp:1  | Entered Level 1 of the Swamp
 20285 | Lair:2   | Slain by a swamp worm

Illustrated notes

Levels and vault maps discovered:
D:1:      evilmike_arrival_plus, layout_loops_ring,
          shapermc_ecumenical_altar_ellora, grunt_decor_clamped
D:2:      layout_rooms, nicolae_elevator_lobby_plus
D:3:      minmay_thinvault, layout_basic, serial_shops,
          nicolae_shop_hallway_stairs, minmay_misc_feat_iff, kennysheep_nub,
          hex_intersection, corexii_corridor_pit
D:4:      layout_loops_ring, kennysheep_generic_room_12, uniq_natasha,
          uniq_ijyb, uniq_pikel
D:5:      wad_pebble_path, layout_layer_cave, serial_shops, shop,
          hangedman_decor_slide_cut, nicolae_nh_ransacked_shop
D:6:      layout_gridville, gammafunk_ghost_abyssal_escape,
          minmay_misc_feat_five
D:7:      layout_rooms, nicolae_vehumet_radiance, minmay_temple_entry_poolview
D:8:      layout_loops_cross, due_lair_maze_entry_diamond, enter_bailey_2,
          serial_shops, nicolae_shop_industrial_runoff, uniq_grum
D:9:      layout_basic, mainiacjoe_overflow_six_doors_small, serial_shops,
          nicolae_book_shop_shelving
D:10:     layout_loops_ring, mainiacjoe_overflow_catwalk, david_orc_4,
          minmay_misc_feat_ornament, uniq_sonja
D:11:     cheibrodos_wizards_tower, layout_loops_corners,
          muffindrake_ghost_dual_entry
D:12:     minmay_stepped, layout_grid_maze
D:13:     minmay_tri_stars, layout_grid_maze
D:14:     layout_roguey [special_room_orc], lightli_vaults_fourway_checkpoint,
          serial_library_hellmonk_open_cross, gammafunk_ghost_wrathful_warriors
D:15:     gammafunk_depths_entry_grave, layout_grid_maze,
          grunt_dithmenos_smoke_and_mirrors, portal_ice_cave_entry_dragon,
          serial_shops, nicolae_shop_tiny_glass, nrook_guardian_serpent_double,
          uniq_josephine
Lair:1:   beast_lair_carwin_large_2, layout_cave_pods,
          hellmonk_ghost_happy_afterlife, uniq_prince_ribbit2
Lair:2:   layout_hall_layers, mainiacjoe_swamp_entry_lozenge_pond,
          spider_nest_entry_funnel_web, gammafunk_ghost_hydra_chop,
          serial_bayou_shore_a, uniq_nergalle
Lair:3:   layout_hall_layers, beast_lair_carwin_7, grunt_megastairs_2,
          infiniplex_staircase_pool
Lair:4:   layout_hall_layers, uniq_kirke
Lair:5:   hellmonk_lair_end_abyssal_woods, layout_cave_pods,
          minmay_slime_entry_pillars, wad_woods_road_03,
          chequers_serial_rivers_marsh, serial_bayou_lagoon_a
Swamp:1:  layout_falls_marsh, nicolae_swamp_tree_designs, hangedman_swamp_pad,
          swamp_pool_3, grunt_ruined_hall
Orc:1:    layout_diamond_mine, serial_shops, nicolae_shop_tiny_statue_garden,
          gammafunk_ghost_arena, blackcustard_mines_bat_river
Orc:2:    st_orc_open, layout_caves, serial_shops, nicolae_shop_crystal

Skill      XL: |  1  2  3  4  5  6  7  8  9 10 11 12 13 14 15 16 17 |
---------------+----------------------------------------------------+-----
Axes           | 3 4 6 7 9 10 12 13 15 16 17 18 | 18.2
Stealth        | 1 2 3 |  3.4
Dodging        | 2 3 4 5 6 7 |  7.0
Fighting       | 4 5 6 7 8 9 10 11 12 14 15 | 15.9
Armour         | 3 4 6 8 9 10 11 12 13 | 13.2
Shields        | 1 3 4 5 7 8 9 11 13 14 | 14.1
Maces & Flails | 1 2 |  2.9
Long Blades    | 1 2 |  2.2
Throwing       | |  0.5

Action                     |  1- 3 |  4- 6 |  7- 9 | 10-12 | 13-15 | 16-18 || total
---------------------------+-------+-------+-------+-------+-------+-------++-------
  Melee: Hand axe          |   109 |   180 |   472 |   153 |       |       ||   914
         Punch             |       |     3 |       |       |       |       ||     3
         Broad axe         |       |       |       |   412 |   768 |       ||  1180
         Flail             |       |       |       |    11 |    38 |       ||    49
         War axe           |       |       |       |       |   354 |   552 ||   906
         Scimitar          |       |       |       |       |     7 |    46 ||    53
         Unarmed           |       |       |       |       |     3 |       ||     3
         Headbutt          |       |       |       |       |       |    65 ||    65
  Throw: Dart              |       |       |     4 |       |       |       ||     4
 Invoke: Berserk           |       |     4 |    11 |    20 |    19 |    15 ||    69
         Trog's Hand       |       |       |     7 |    14 |    19 |    10 ||    50
         Brothers in Arms  |       |       |       |     1 |     2 |     6 ||     9
    Use: Scroll            |     6 |     3 |     7 |    12 |    11 |    12 ||    51
         Potion            |     2 |       |       |     1 |     3 |     3 ||     9
   Stab: Sleeping          |     1 |     1 |       |       |       |       ||     2
         Distracted        |     1 |       |       |       |       |     1 ||     2
         Confused          |       |       |       |     2 |     2 |       ||     4
         Petrified         |       |       |       |       |     4 |       ||     4
 Armour: Animal skin       |    72 |    70 |       |       |       |       ||   142
         Scale mail        |       |     9 |       |       |       |       ||     9
         Chain mail        |       |    30 |   414 |   678 |   990 |   670 ||  2782
         Skin              |       |       |       |       |     1 |       ||     1
  Dodge: Dodged            |    67 |   126 |   186 |   308 |   460 |   301 ||  1448
  Block: Buckler           |       |       |    70 |   138 |       |       ||   208
         Kite shield       |       |       |       |   105 |   773 |   526 ||  1404

Table legend: (Time is in decaauts)
 A = Elapsed time spent in this place.
 B = Non-inter-level travel time spent in this place.
 C = Inter-level travel time spent in this place.
 D = Time resting spent in this place.
 E = Time spent auto-exploring this place.
 F = Levels seen in this place.
 G = Mean time per level.
                   A        B        C        D        E       F      G
               +--------+--------+--------+--------+--------+-----+--------+
         Total |  20653 |  19300 |   1353 |    558 |  12390 |  25 |  826.1 |
       Dungeon |  12849 |  11836 |   1013 |    167 |   8038 |  15 |  856.6 |
          Lair |   5577 |   5362 |    215 |    246 |   3333 |   5 | 1115.4 |
         Swamp |     31 |     31 |      0 |      0 |      0 |   1 |   31.0 |
  Orcish Mines |   1383 |   1260 |    123 |     34 |    733 |   2 |  691.5 |
         Abyss |    497 |    497 |      0 |    110 |    162 |   1 |  497.0 |
        Bailey |    313 |    313 |      0 |      0 |    123 |   1 |  313.0 |
               +--------+--------+--------+--------+--------+-----+--------+

Top non-repeatable levels by time:
  Lair:5: 1629 daAuts
  Lair:1: 1229 daAuts
    D:11: 1101 daAuts
     D:3: 1057 daAuts
  Lair:2: 1054 daAuts
    D:14: 1004 daAuts
    D:12: 969 daAuts
    D:15: 948 daAuts
     D:8: 916 daAuts
    D:10: 909 daAuts
    D:13: 906 daAuts
  Lair:4: 859 daAuts
     D:4: 830 daAuts
     D:9: 809 daAuts
  Lair:3: 804 daAuts
